 Dungeon Crawl Stone Soup version 0.30.1-11-g7821555f0a (webtiles) character file.

Game seed: 9385852013878854928

5532 Okkudo the Cleaver (level 10, -1/90 HPs)
             Began as a Hill Orc Monk on Nov 29, 2023.
             Was a High Priest of Beogh.
             Slain by a two-headed ogre
             ... wielding a +0 giant club
              (11 damage)
             ... on level 10 of the Dungeon.
             The game lasted 00:43:14 (10037 turns).

Okkudo the Cleaver (Hill Orc Monk)                 Turns: 10037, Time: 00:43:17

Health: -1/90      AC: 18    Str: 19    XL:     10   Next: 71%
Magic:  14/15      EV:  6    Int: 10    God:    Beogh [*****.]
Gold:   283        SH:  5    Dex: 13    Spells: 9/9 levels left

rFire   . . .        O - +1 war axe
rCold   . . .        w - +0 buckler
rNeg    . . .        m - +0 plate armour
rPois   .            S - +1 helmet {SInv}
rElec   .            n - +0 cloak
rCorr   .            y - +0 pair of gloves
SInv    +            r - +0 pair of boots
Will    .....        (no amulet) Stlth
                     B - ring of flight
HPRegen 0.35/turn    (no ring)
MPRegen 0.14/turn

%: no passive effects
@: flying, hasted, very quick
A: walk on water
a: Renounce Religion, Smiting, Recall Orcish Followers, Give Item to Named
Follower


You were on level 10 of the Dungeon.
You worshipped Beogh.
Beogh was extremely pleased with you.
You visited 1 branch of the dungeon, and saw 10 of its levels.

You collected 627 gold pieces.
You spent 344 gold pieces at shops.

Inventory:

Hand Weapons
 q - the +6 Majin-Bo {spellvamp, MP+6 Int+6}
   (You found it on level 9 of the Dungeon)

   Int:       It affects your intelligence (+6).
   MP:        It affects your magic capacity (+6).
 O - a +1 war axe (weapon)
Missiles
 j - 93 stones (quivered)
 J - 3 throwing nets
Armour
 m - a +0 plate armour (worn)
 n - a +0 cloak (worn)
 r - a +0 pair of boots (worn)
 w - a +0 buckler (worn)
 y - a +0 pair of gloves (worn)
 z - the +3 ring mail "Civibror" {+Blink Int+3}
   (You found it on level 6 of the Dungeon)

   Int:       It affects your intelligence (+3).
   +Blink:    It lets you blink.
 S - a +1 helmet of see invisible (worn)
Jewellery
 B - a ring of flight (left hand)
 G - a ring of ice
 N - a ring of fire
Wands
 o - a wand of quicksilver (5)
 p - a wand of flame (21)
 x - a wand of roots (7)
 C - a wand of charming (17)
 M - a wand of mindburst (20)
Scrolls
 a - 3 scrolls of fog
 d - a scroll of torment {unknown}
 e - 3 scrolls of teleportation
 g - 2 scrolls of blinking
 k - a scroll of vulnerability
 v - 2 scrolls of enchant armour
 A - 3 scrolls of amnesia
 H - 3 scrolls of enchant weapon {unknown}
 I - 2 scrolls of noise {unknown}
 K - 3 scrolls of identify
 L - a scroll of poison {unknown}
 P - 3 scrolls of magic mapping {unknown}
 R - a scroll of brand weapon {unknown}
Potions
 b - 7 potions of haste
 c - 3 potions of ambrosia
 f - 2 potions of berserk rage {unknown}
 h - 4 potions of attraction {unknown}
 i - 4 potions of degeneration {unknown}
 l - 5 potions of might {unknown}
 s - 5 potions of lignification
 t - 2 potions of invisibility {unknown}
 u - a potion of flight {unknown}
 D - 3 potions of heal wounds {unknown}
 E - 4 potions of curing {unknown}
 F - a potion of mutation {unknown}
Miscellaneous
 Q - a phantom mirror


   Skills:
 + Level 8.8 Fighting
 * Level 12.8 Axes
 + Level 6.0 Armour
 - Level 3.7 Dodging
 + Level 6.1 Shields
 + Level 7.4 Invocations


You had 9 spell levels left.
You didn't know any spells.
Your spell library contained the following spells:

 Spells                   Type           Power      Damage    Failure   Level
 Freeze                   Ice            0%         1d3       100%        1
 Magic Dart               Conj           0%         1d3       100%        1
 Sting                    Tmut/Pois      0%         1d3       100%        1
 Blink                    Tloc           0%         N/A       100%        2
 Call Imp                 Summ           0%         N/A       100%        2
 Cigotuvi's Dreadful Rot  Necr/Pois/Air  0%         N/A       100%        2
 Ensorcelled Hibernation  Hex/Ice        0%         N/A       100%        2
 Lesser Beckoning         Tloc           0%         N/A       100%        2
 Momentum Strike          Conj/Tloc      0%         3d8       100%        2
 Passwall                 Tmut/Erth      0%         N/A       100%        2
 Poisonous Vapours        Pois/Air       0%         N/A       100%        2
 Sublimation of Blood     Necr           0%         N/A       100%        2
 Frozen Ramparts          Ice            0%         1d1       100%        3
 Hailstorm                Conj/Ice       0%         3d3       100%        3
 Ignite Poison            Fire/Tmut/Pois 0%         N/A       100%        3
 Mephitic Cloud           Conj/Pois/Air  0%         N/A       100%        3
 Swiftness                Air            0%         N/A       100%        3
 Tukima's Dance           Hex            0%         N/A       100%        3
 Vhi's Electric Charge    Tloc/Air       0%         N/A       100%        3
 Olgreb's Toxic Radiance  Pois           0%         N/A       100%        4
 Passage of Golubria      Tloc           0%         N/A       100%        4
 Petrify                  Tmut/Erth      0%         N/A       100%        4
 Arcjolt                  Conj/Air       0%         1d10      100%        5
 Freezing Cloud           Conj/Ice/Air   0%         6-21      100%        5
 Irradiate                Conj/Tmut      0%         3d11      100%        5
 Yara's Violent Unravell  Hex/Tmut       0%         3d3       100%        5
 Plasma Beam              Fire/Air       0%         2x1d11    100%        6


Dungeon Overview and Level Annotations

Branches:
Dungeon (10/15)            Temple (0/1) D:7            Lair (0/5) D:8
    Orc (0/2) D:9

Altars:
Ashenzari
Cheibriados
Fedhas
Hepliaklqana
Nemelex Xobeh
Ru
Trog
Uskayaw

Shops:
D:5 [   D:7 **   D:9 [

Annotations:
D:9 1 exclusion
D:10 1 transporter, Azazsd's ghost, journeyman TrFi


Message History

The slime creature hits your orc warrior!
Your orc priest closely misses Azazsd's ghost.
Azazsd's ghost hits your orc priest!!
Your orc priest dies!
Your orc hits the two-headed ogre with a +0 short sword.
Olfrun hits Azazsd's ghost with a +0 hand axe.
Olfrun hits the two-headed ogre with a +0 hand axe!
Your orc warrior hits Azazsd's ghost with a +0 club.
Your orc warrior hits Azazsd's ghost with a +0 short sword.
Azazsd's ghost hits your orc!
Your orc dies!
Your orc barely misses the six-headed hydra.
The slime creature hits your orc warrior!
Your orc warrior dies!
Your orc hits the slime creature with a +0 club.
You feel sick.
Your orcs go into a battle-frenzy!
Your orc warrior hits the slime creature with a +0 short sword.
The slime creature hits your orc!!
Your orc dies!
Your orc barely misses the slime creature.
You feel sick.
Your orc warrior hits the slime creature with a +0 short sword.
The slime creature dies!
Beogh accepts your kill.
Your orc warrior looks more experienced.
You feel sick.
The two-headed ogre attacks as you move away!
The two-headed ogre hits you with a +0 giant club!
* * * LOW HITPOINT WARNING * * *
The two-headed ogre completely misses you.
You feel sick.
Something hits the six-headed hydra.
Something hits the six-headed hydra!
You feel yourself speed up.
You feel sick.
You are no longer poisoned.
Something hits the six-headed hydra!
Something hacks one of the six-headed hydra's heads off!
The five-headed hydra grows two more!
The two-headed ogre hits you with a +0 giant club!
You die...

#######....................## #
#.####........©.......# ###
#####o####....#########...# #).
#...oo.......##8.....8##..###..
###o#####o##...#.........#..#....
o##.##o.o>.....#.##...##.#..#...<
oooooo.##.###..#.##o).##.#..#.#..
o##.#####.# #..#.D.o©)...#..#.#..
###.#####.# #..#@##)o.##.#.......
#.......# #..#O##))o##.#.......
######### #..#.W......©#.......
#..##8./"[.8##......o
#...#########......o.
#.......©.......##.##
####.............###o#
#.......##....|### #o#
#.##.##.##.....# #o##


You could see a seven-headed hydra (ally target), a two-headed ogre, Azazsd's
ghost, a friendly orc knight (strong) and a friendly orc (strong).

Vanquished Creatures
  A manticore (D:9)
  Grinder (D:3)
  A hornet (D:10)
  A slime creature (D:9)
  2 yaks (D:9)
  A shadow (D:10)
  A wyvern (D:8)
  2 water moccasins
  A sky beast (D:7)
  An ogre (D:7)
  4 bullfrogs
  A wight (D:8)
  2 killer bees (D:10)
  3 howler monkeys
  4 orc priests
  4 hounds
  A sleepcap (D:7)
  5 iguanas
  2 orc wizards
  3 gnoll boudas
  8 gnolls
  8 adders
  2 worms (D:4)
  2 dart slugs (D:1)
  10 orcs
  8 ball pythons
  7 bats
  5 endoplasms
  2 giant cockroaches
  5 goblins
  5 hobgoblins
  4 jackals (D:4)
  13 kobolds
  7 quokkas
  3 frilled lizards
  14 rats
144 creatures vanquished.

Vanquished Creatures (collateral kills)
  A deep elf pyromancer (D:10)
  A cyclops (D:9)
  A gargoyle (D:10)
  A hornet (D:10)
  A slime creature (D:10)
  2 yaks (D:9)
  2 wyverns (D:9)
  2 wargs (D:9)
  A water moccasin (D:7)
  An orc warrior (D:9)
  An ice beast (D:7)
  2 ogres (D:6)
  3 centaurs
  A kobold brigand (D:9)
  A bullfrog (D:6)
  3 scorpions
  4 wights (D:8)
  5 killer bees
  3 howler monkeys
  A jelly (D:7)
  A gnoll bouda (D:9)
  An orc priest (D:9)
  A hound (D:6)
  An iguana (D:6)
  3 orc wizards
  8 gnolls
  An adder (D:6)
  A white imp (D:7)
  13 orcs
  A goblin (D:9)
  2 kobolds (D:9)
70 creatures vanquished.

Vanquished Creatures (others)
  2 orc warriors (D:10)
  An orc wizard (D:10)
  5 orc priests
  9 orcs
17 creatures vanquished.

Grand Total: 231 creatures vanquished

Notes
Turn   | Place    | Note
-------+----------+-------------------------------------------
     0 | D:1      | Okkudo the Hill Orc Monk began the quest for the Orb.
     0 | D:1      | Reached XP level 1. HP: 19/19 MP: 1/1
   243 | D:1      | Reached XP level 2. HP: 25/27 MP: 2/2
   701 | D:1      | Reached XP level 3. HP: 33/33 MP: 3/3
  1550 | D:2      | Found a faded altar of an unknown god.
  2218 | D:3      | Found a hazy altar of Hepliaklqana.
  2218 | D:3      | Found a faded altar of an unknown god.
  2229 | D:3      | Reached skill level 5 in Axes
  2229 | D:3      | Reached XP level 4. HP: 26/41 MP: 4/4
  2410 | D:3      | Noticed Grinder
  2454 | D:3      | Killed Grinder
  2455 | D:3      | Reached skill level 5 in Fighting
  2455 | D:3      | Reached skill level 6 in Axes
  2455 | D:3      | Reached XP level 5. HP: 9/48 MP: 5/5
  2455 | D:3      | Reached XP level 6. HP: 11/56 MP: 6/6
  2628 | D:3      | Became a worshipper of Beogh the Brigand
  2628 | D:3      | Reached * piety under Beogh
  2628 | D:3      | Reached ** piety under Beogh
  2973 | D:4      | Reached skill level 7 in Axes
  3325 | D:4      | Reached XP level 7. HP: 54/61 MP: 7/7
  3716 | D:5      | Entered Level 5 of the Dungeon
  3730 | D:5      | Reached skill level 1 in Invocations
  3901 | D:5      | Reached skill level 1 in Shields
  3907 | D:5      | Reached *** piety under Beogh
  3946 | D:5      | Reached skill level 1 in Armour
  4121 | D:5      | Reached skill level 8 in Axes
  4146 | D:5      | Found Ituvodul's Antique Armour Emporium.
  4156 | D:5      | Bought a pair of gloves for 112 gold pieces
  4304 | D:5      | Found a sparkling altar of Nemelex Xobeh.
  4307 | D:5      | Found a blossoming altar of Fedhas.
  5071 | D:6      | Identified the +3 ring mail "Civibror" {+Blink Int+3}
  5080 | D:6      | Reached XP level 8. HP: 60/70 MP: 9/9
  5532 | D:6      | Reached skill level 9 in Axes
  5963 | D:7      | Gained Olfrun as an ally
  6281 | D:7      | Found Xuelumem's Specific Store.
  6285 | D:7      | Found a staircase to the Ecumenical Temple.
  6317 | D:7      | Reached skill level 10 in Axes
  6317 | D:7      | Reached XP level 9. HP: 62/78 MP: 12/12
  6338 | D:7      | Found Urao's General Store.
  6583 | D:7      | Reached **** piety under Beogh
  7357 | D:8      | Reached skill level 5 in Invocations
  7561 | D:8      | Found a staircase to the Lair.
  7762 | D:8      | Found a snail-covered altar of Cheibriados.
  7957 | D:8      | Found a broken altar of Ashenzari.
  8113 | D:9      | Found a sacrificial altar of Ru.
  8165 | D:9      | Reached skill level 11 in Axes
  8166 | D:9      | Reached ***** piety under Beogh
  8363 | D:9      | Found a staircase to the Orcish Mines.
  8553 | D:9      | Found Imoasu's Antique Armour Shoppe.
  8588 | D:9      | Bought a glowing helmet for 232 gold pieces
  8607 | D:9      | Found the +6 Majin-Bo {spellvamp, MP+6 Int+6}
  8610 | D:9      | Noticed a manticore
  8612 | D:9      | Noticed a cyclops
  8627 | D:9      | Killed a manticore
  8628 | D:9      | Reached skill level 5 in Armour
  8628 | D:9      | Reached skill level 5 in Shields
  8628 | D:9      | Reached XP level 10. HP: 38/88 MP: 14/14
  8840 | D:9      | Reached skill level 12 in Axes
  9050 | D:9      | Killed a cyclops
  9399 | D:10     | Entered Level 10 of the Dungeon
  9502 | D:10     | Found a transporter.
  9505 | D:10     | Noticed Azazsd's ghost (journeyman TrFi)
  9507 | D:10     | Noticed a two-headed ogre
  9508 | D:10     | Noticed a six-headed hydra
  9511 | D:10     | Noticed a deep elf pyromancer
  9514 | D:10     | Found a transporter.
  9691 | D:10     | Found a bloodstained altar of Trog.
  9692 | D:10     | Found a hide-covered altar of Uskayaw.
  9761 | D:10     | Noticed a gargoyle
  9770 | D:10     | Killed a gargoyle
 10031 | D:10     | Killed a deep elf pyromancer
 10037 | D:10     | Slain by a two-headed ogre

Illustrated notes

Levels and vault maps discovered:
D:1:      lightli_arrival_quake, layout_basic, minmay_rat_gold_closets
D:2:      layout_loops_ring, shapermc_ecumenical_altar_gd,
          hangedman_abyss_or_decor_stabs, minmay_tromino_v2
D:3:      layout_basic, beargit_hepliaklqana_dungeon_heroes,
          nicolae_eternal_life, uniq_grinder
D:4:      minmay_general_purpose_star, layout_cave_pools, st_stairs_8,
          minmay_crystal_water
D:5:      layout_loops_ring, nicolae_overflow_squiral, serial_shops, shop,
          patterned_corridor
D:6:      layout_loops_cross
D:7:      layout_layer_cave, minmay_temple_entry_proselytizer,
          minmay_hedge_maze, minmay_misc_feat_diagonals,
          kennysheep_pointless_box, nicolae_specific_store
D:8:      layout_basic, kennysheep_little_box, general_overflow_altar,
          lair_entry_dummy, serial_glass, glass_columns_a, glass_columns_a
D:9:      layout_long_grid, old_standard_altar, erik_orc_4, serial_shops,
          nicolae_shop_trees, minmay_diamond_spiral
D:10:     layout_loops_cross, mainiacjoe_overflow_divided_tiny,
          gammafunk_ghost_arena

Skill      XL: |  1  2  3  4  5  6  7  8  9 10 |
---------------+-------------------------------+-----
Fighting       | 4 5 6 8 |  8.8
Axes           | 5 6 7 8 10 11 12 | 12.8
Dodging        | 3 |  3.7
Invocations    | 2 4 6 7 |  7.4
Shields        | 2 3 5 6 |  6.1
Armour         | 2 3 5 6 |  6.0

Action                     |  1- 3 |  4- 6 |  7- 9 | 10-12 || total
---------------------------+-------+-------+-------+-------++-------
  Melee: Hand axe          |   107 |   103 |   193 |       ||   403
         War axe           |       |       |    51 |    63 ||   114
  Throw: Stone             |       |     5 |       |       ||     5
 Invoke: Convert to Beogh  |       |     1 |       |       ||     1
         Recall Orcish Fol |       |       |       |     1 ||     1
    Use: Scroll            |       |     1 |     6 |       ||     7
         Potion            |       |       |     1 |     1 ||     2
   Stab: Distracted        |       |       |     3 |     1 ||     4
 Armour: Robe              |    12 |       |       |       ||    12
         Plate armour      |    28 |    53 |   141 |    33 ||   255
         Ring mail         |    13 |       |       |       ||    13
         Scale mail        |     7 |       |       |       ||     7
  Dodge: Dodged            |    52 |    26 |    65 |    11 ||   154
  Block: Buckler           |       |       |    53 |    15 ||    68
